 Dungeon Crawl Stone Soup version 0.29-a0-757-g358383bc75 (webtiles) character file.

Game seed: 6667822054525458323

555 omnomnOMINOUS the Trooper (level 7, -4/48 HPs)
             Began as an Octopode Wanderer on June 30, 2022.
             Was a Believer of Wu Jian.
             Slain by an orc
             ... wielding a +0 dagger
              (5 damage)
             ... on level 5 of the Dungeon.
             The game lasted 00:10:53 (5186 turns).

omnomnOMINOUS the Trooper (Octopode Wanderer)       Turns: 5186, Time: 00:10:55

Health: -4/48      AC:  1    Str:  8    XL:     7   Next: 30%
Magic:  0/8        EV: 13    Int: 18    God:    Wu Jian [**....]
Gold:   225        SH:  5    Dex: 13    Spells: 4/8 levels left

rFire   . . .      SeeInvis .   a - +0 dagger (elec)
rCold   . . .      Faith    .   e - +0 buckler
rNeg    . . .      Spirit   +   (helmet restricted)
rPois   .          Reflect  .   s - amulet of guardian spirit
rElec   .          Harm     .   f - ring of wizardry
rCorr   .          Rampage  .   (no ring)
Will    .....                   (no ring)
Stlth   ++........              (no ring)
HPRegen 0.16/turn               (no ring)
MPRegen 0.11/turn               (no ring)
                                (no ring)
                                (no ring)

@: no status effects
A: almost no armour, amphibious, 8 rings, camouflage 1, gelatinous body 1,
(nimble swimmer 1), tentacles
a: Renounce Religion, Wall Jump


You were on level 5 of the Dungeon.
You worshipped Wu Jian.
Wu Jian was pleased with you.
You visited 1 branch of the dungeon, and saw 5 of its levels.

You collected 225 gold pieces.

Inventory:

Hand Weapons
 a - a +0 dagger of electrocution (weapon)
 r - a +0 antimagic flail
 t - a +1 hand axe of pain
Missiles
 k - 5 curare-tipped darts
 l - 5 datura-tipped darts
Armour
 e - a +0 buckler (worn)
Jewellery
 f - a ring of wizardry (left tentacle)
 s - an amulet of guardian spirit (around mantle)
Wands
 w - a wand of mindburst (8)
Scrolls
 b - a scroll of noise {unknown}
 d - 3 scrolls of identify
 g - 2 scrolls of vulnerability {unknown}
 j - 5 scrolls of teleportation
 n - a scroll of fear {unknown}
 o - a scroll of enchant armour {unknown}
 q - a scroll of acquirement {unknown}
 u - a scroll of blinking {unknown}
 v - a scroll of silence {unknown}
 x - a scroll of magic mapping {unknown}
 y - a scroll of fog {unknown}
Potions
 h - 2 potions of might
 m - a potion of lignification {unknown}
 p - a potion of resistance {unknown}
 z - 2 potions of degeneration {unknown}
 A - a potion of attraction {unknown}
 B - a potion of cancellation {unknown}
Miscellaneous
 c - a piece from Xom's chessboard (15/15) (quivered)


   Skills:
 + Level 4.0 Fighting
 + Level 3.7 Dodging
 + Level 3.5 Shields
 - Level 1.0 Spellcasting
 + Level 2.8 Conjurations
 - Level 3.0 Hexes
 - Level 2.4 Poison Magic
 - Level 3.2 Evocations


You had 4 spell levels left.
You knew the following spells:

 Your Spells              Type           Power      Damage    Failure   Level
a - Fulminant Prism       Conj/Hex       5%         3d7       30%         4

Your spell library contained the following spells:

 Spells                   Type           Power      Damage    Failure   Level
 Slow                     Hex            44%        N/A       3%          1
 Sting                    Tmut/Pois      20%        1d4       6%          1
 Ensorcelled Hibernation  Hex/Ice        12%        N/A       9%          2
 Necrotize                Necr           0%         1d4       11%         1
 Summon Small Mammal      Summ           0%         N/A       11%         1
 Mephitic Cloud           Conj/Pois/Air  7%         N/A       16%         3
 Portal Projectile        Hex/Tloc       12%        N/A       16%         3
 Summon Guardian Golem    Hex/Summ       6%         N/A       16%         3
 Spider Form              Tmut/Pois      5%         N/A       19%         3
 Call Canine Familiar     Summ           0%         N/A       30%         3
 Vampiric Draining        Necr           0%         2d6       30%         3
 Anguish                  Hex/Necr       3%         N/A       45%         4
 Agony                    Necr           0%         N/A       94%         5


Dungeon Overview and Level Annotations

Branches:
Dungeon (5/15)             Temple (0/1) D:5

Altars:
Wu Jian


Innate Abilities, Weirdness & Mutations

You cannot wear most types of armour.
You are amphibious.
You can wear up to eight rings at the same time.
Your skin changes colour to match your surroundings (Stealth+).
Your rubbery body absorbs attacks. (AC +1, EV +1)
((You are camouflaged when in or above water. (Stealth+)))
You have tentacles for arms and can constrict up to eight enemies at once.


Message History

Your Fighting skill increases to level 4!
You feel much better. Something hits you. The orc misses you.
You barely miss something. Your squeeze misses something. Something hits you.
The orc hits you with a +0 dagger.
You miss something.
You hear some strange, mumbled words.
A magic dart appears from out of thin air!
The magic dart hits you!
* * * LOW HITPOINT WARNING * * *
You block the orc's attack.
You hit something but do no damage. Your squeeze misses something.
Something hits you.
* * * LOW HITPOINT WARNING * * *
The orc closely misses you.
You closely miss something. Something hits you.
* * * LOW HITPOINT WARNING * * *
The orc barely misses you.
You feel much better. Something hits you. The orc hits you with a +0 dagger.
You barely miss something. Something hits you.
* * * LOW HITPOINT WARNING * * *
The orc hits you with a +0 dagger.
* * * LOW HITPOINT WARNING * * *
You closely miss something. Something hits you.
* * * LOW HITPOINT WARNING * * *
The orc hits you with a +0 dagger.
* * * LOW HITPOINT WARNING * * *
Okay, then.
Okay, then.
Unknown command.
Casting: Fulminant Prism (quite dangerous; 30% risk of failure)
Confirm with . or Enter, or press ? or * to list all spells.
Okay, then.
Unknown command.
Aiming: Mindburst
Press: ? - help, Shift-Dir - straight line Something's mind is blasted!!
The Council accepts your kill.
Reactivating autopickup.
You feel a bit more experienced. The orc hits you with a +0 dagger.
You die...

................>....#...o
...................<.#....
...............#######....
.#####.........#...(##....
#.........#..........
#.........#..........
#.........#..........
#..)......#..........
#†.)@.......##+####+#
#....o.######........
#......# #........
#......# #........
#......# #........
#......# #........
#......# #........
#......# #........
##+######


You could see an orc.

Vanquished Creatures
  Eustachio (D:4)
  A scorpion (D:5)
  2 orc priests
  Jessica (D:2)
  2 orc wizards (D:5)
  2 iguanas
  3 gnolls (D:4)
  6 adders
  A worm (D:2)
  A dart slug (D:2)
  15 orcs
  An endoplasm (D:4)
  4 giant cockroaches
  9 hobgoblins
  11 jackals
  4 quokkas
  2 ball pythons (D:4)
  4 bats
  3 frilled lizards
  5 goblins
  9 kobolds
  7 rats
94 creatures vanquished.

Notes
Turn   | Place    | Note
-------+----------+-------------------------------------------
     0 | D:1      | omnomnOMINOUS the Octopode Wanderer began the quest for the
                  | Orb.
     0 | D:1      | omnomnOMINOUS set off with the following items: a +0
                  | dagger, a potion of might, a piece from Xom's chessboard
                  | (15/15); and the following spells available to memorise:
                  | Slow, Sting, Portal Projectile, Mephitic Cloud, Fulminant
                  | Prism.
     0 | D:1      | Reached XP level 1. HP: 13/13 MP: 2/2
   138 | D:1      | Reached skill level 1 in Dodging
   138 | D:1      | Reached XP level 2. HP: 13/18 MP: 3/3
   712 | D:1      | Reached XP level 3. HP: 3/24 MP: 4/4
  1126 | D:1      | Reached skill level 1 in Shields
  1127 | D:1      | You fall into a shaft and drop 1 floor!
  1276 | D:1      | Reached skill level 2 in Fighting
  1463 | D:2      | Noticed Jessica
  1472 | D:2      | Killed Jessica
  1473 | D:2      | Reached XP level 4. HP: 25/29 MP: 5/5
  1868 | D:2      | Found a faded altar of an unknown god.
  1878 | D:2      | Prayed at the altar of an unknown god.
  1878 | D:2      | Became a worshipper of the Wu Jian Council
  1878 | D:2      | Reached * piety under Wu Jian
  2134 | D:2      | Learned a level 4 spell: Fulminant Prism
  3001 | D:3      | Reached XP level 5. HP: 29/35 MP: 6/6
  3227 | D:3      | Reached ** piety under Wu Jian
  3245 | D:3      | Reached skill level 1 in Conjurations
  3333 | D:3      | Reached skill level 3 in Fighting
  4212 | D:4      | Noticed Eustachio
  4244 | D:5      | Entered Level 5 of the Dungeon
  4310 | D:5      | Reached XP level 6. HP: 16/42 MP: 5/7
  4328 | D:5      | Found a staircase to the Ecumenical Temple.
  4364 | D:4      | Killed Eustachio
  4690 | D:4      | Reached XP level 7. HP: 45/47 MP: 8/8
  5178 | D:5      | Reached skill level 4 in Fighting
  5185 | D:5      | HP: 1/48 [orc/+0 dagger (3)]
  5186 | D:5      | Slain by an orc

Illustrated notes

Levels and vault maps discovered:
D:1:      dpeg_arrival_rooms_a, layout_basic, chequers_serial_rivers_micro_b
D:2:      layout_loops_ring, hellmonk_ecumenical_altar_crossroads, uniq_jessica
D:3:      layout_basic
D:4:      layout_basic, uniq_eustachio
D:5:      layout_gridville, minmay_temple_entry_drinking_statues,
          nicolae_shop_i_like_big_books, uniq_sigmund

Skill      XL: |  1  2  3  4  5  6  7 |
---------------+----------------------+-----
Dodging        | 1 2 3 |  3.7
Shields        | 1 2 3 |  3.5
Fighting       | 2 3 4 |  4.0
Conjurations   | 1 2 |  2.8
Spellcasting   | |  1.0
Hexes          | |  3.0
Poison Magic   | |  2.4
Evocations     | |  3.2

Action                   |  1- 3 |  4- 6 |  7- 9 || total
-------------------------+-------+-------+-------++-------
Melee: Dagger            |    52 |   158 |    40 ||   250
       Constrict         |    22 |    37 |     9 ||    68
       Tentacles         |    14 |    26 |    10 ||    50
       Whip              |    17 |       |       ||    17
       Punch             |       |     1 |     2 ||     3
Invok: Lunge             |       |    15 |     2 ||    17
       Whirlwind         |       |       |     2 ||     2
Evoke: Piece from Xom's  |       |     4 |       ||     4
       Wand              |       |       |     1 ||     1
  Use: Scroll            |       |     2 |       ||     2
       Potion            |       |     1 |     3 ||     4
 Stab: Sleeping          |     5 |     2 |     1 ||     8
       Paralysed         |       |     3 |       ||     3
       Distracted        |       |     1 |       ||     1
Armor: Skin              |     5 |     9 |       ||    14
Dodge: Dodged            |    25 |    80 |    21 ||   126
Block: Buckler           |     2 |    26 |    10 ||    38

Table legend: (Time is in decaauts)
 A = Elapsed time spent in this place.
 B = Non-inter-level travel time spent in this place.
 C = Inter-level travel time spent in this place.
 D = Time resting spent in this place.
 E = Time spent auto-exploring this place.
 F = Levels seen in this place.
 G = Mean time per level.
                   A        B        C        D        E       F      G
               +--------+--------+--------+--------+--------+-----+--------+
         Total |   5195 |   5087 |    108 |   1690 |   2569 |   5 | 1039.0 |
       Dungeon |   5195 |   5087 |    108 |   1690 |   2569 |   5 | 1039.0 |
               +--------+--------+--------+--------+--------+-----+--------+

Top non-repeatable levels by time:
     D:2: 1395 daAuts
     D:1: 1331 daAuts
     D:3: 1078 daAuts
     D:4: 948 daAuts
     D:5: 440 daAuts
